 Dungeon Crawl Stone Soup version 0.32-a0-576-g706899e69d (webtiles) character file.

Game seed: 1913173167403023394

15061 Aneyh the Fighter (level 12, -9/75 HPs)
             Began as a Tengu Monk on Mar 1, 2024.
             Was a High Priest of Hepliaklqana.
             Mangled by an anaconda simulacrum (25 damage)
             ... in an ice cave.
             The game lasted 00:31:23 (10192 turns).

Aneyh the Fighter (Tengu Monk)                     Turns: 10192, Time: 00:31:23

Health: -9/75      AC: 10    Str: 12    XL:     12   Next: 23%
Magic:  5/13       EV: 11    Int: 21    God:    Hepliaklqana [*****.]
Gold:   865        SH:  0    Dex: 21    Spells: 4/11 levels left

rFire   . . .        a - +2 great sword of Thoughtfulness {speed, Fly Int+4}
rCold   . . .        (shield currently unavailable)
rNeg    . . .        S - +0 troll leather armour
rPois   .            (helmet restricted)
rElec   .            V - +0 cloak
rCorr   .            D - +2 pair of gloves
SInv    .            (boots unavailable)
Will    .....        (no amulet)
Stlth   ++           M - +6 ring of intelligence
HPRegen 1.12/turn    (no ring)
MPRegen 0.13/turn

%: acrobat
@: flying, constricted, inugami summoned
A: reduced essence, beak, talons 3, evasive flight, acrobatic, iridescent scales
1
a: Renounce Religion, Recall Ancestor, Ancestor Identity, Transference, Idealise


You were in an ice cave.
You worshipped Hepliaklqana.
Hepliaklqana was extremely pleased with you.
You visited 2 branches of the dungeon, and saw 12 of its levels.
You also visited: Sewer and Ice Cave.

You collected 945 gold pieces.
You spent 80 gold pieces at shops.

Inventory:

Hand Weapons
 a - the +2 great sword of Thoughtfulness (weapon) {speed, Fly Int+4}
   (You acquired it on level 9 of the Dungeon)

   Int+4:     It affects your intelligence (+4).
   Fly:       It grants you flight.
 b - a +5 antimagic shortbow
 c - a +1 dagger of speed
 w - a +2 rapier of electrocution
 y - the +4 dagger of the Onslaught {holy, rElec Str+3}
   (You found it on level 4 of the Dungeon)

   Str+3:     It affects your strength (+3).
   rElec:     It insulates you from electricity.
 K - a +4 falchion of freezing
 T - a +2 trident of draining
 X - a +4 glaive
Missiles
 x - 6 javelins
 N - 5 throwing nets
Armour
 d - an orb of light
 h - a +0 scale mail
 D - a +2 pair of gloves (worn)
 I - a +0 buckler of cold resistance
 S - a +0 troll leather armour (worn)
 U - an orb of mayhem
 V - a +0 cloak (worn)
Jewellery
 m - a +5 ring of evasion
 B - a ring of magical power
 M - a +6 ring of intelligence (left hand)
 Q - an amulet of faith
Wands
 f - a wand of digging (5)
 s - a wand of polymorph (10)
 A - a wand of quicksilver (12)
 H - a wand of flame (43)
 P - a wand of paralysis (11)
Scrolls
 i - a scroll of silence {unknown}
 j - 2 scrolls of immolation {unknown}
 k - 2 scrolls of enchant weapon {unknown}
 l - 2 scrolls of vulnerability
 p - 5 scrolls of fear {unknown}
 r - 6 scrolls of teleportation
 v - 2 scrolls of blinking {unknown}
 E - a scroll of revelation {unknown}
 F - 2 scrolls of poison
 G - 4 scrolls of amnesia
 J - a scroll of identify
Potions
 e - 2 potions of berserk rage
 g - 4 potions of heal wounds {unknown}
 n - 4 potions of brilliance
 o - 7 potions of attraction
 q - 5 potions of enlightenment
 t - 5 potions of might {unknown}
 u - 5 potions of curing
 z - 3 potions of mutation
 C - 4 potions of haste {unknown}
 L - 2 potions of magic {unknown}
 O - a potion of resistance {unknown}
 W - a potion of invisibility {unknown}


   Skills:
 + Level 13.3 Fighting
 + Level 11.8 Long Blades
 + Level 4.7 Armour
 - Level 8.0 Dodging
 - Level 8.0 Summonings


You had 4 spell levels left.
You knew the following spells:

 Your Spells              Type           Power      Damage    Failure   Level
a - Martyr's Knell        Necr/Summ      16%        N/A       41%         4
b - Call Canine Familiar  Summ           33%        N/A       2%          3

Your spell library contained the following spells:

 Spells                   Type           Power      Damage    Failure   Level
 Summon Small Mammal      Summ           100%       N/A       1%          1
 Summon Ice Beast         Ice/Summ       16%        N/A       13%         3
 Apportation              Tloc           0%         N/A       22%         1
 Necrotise                Necr           0%         1d4       22%         1
 Sandblast                Erth           0%         2d4       22%         1
 Sting                    Conj/Alch      0%         1d3       22%         1
 Cigotuvi's Dreadful Rot  Necr/Alch/Air  0%         N/A       34%         2
 Jinxbite                 Hex            0%         N/A       34%         2
 Summon Blazeheart Golem  Fire/Summ      16%        N/A       41%         4
 Dazzling Flash           Conj/Hex       0%         N/A       56%         3
 Fugue of the Fallen      Necr           0%         N/A       56%         3
 Hailstorm                Conj/Ice       0%         3d5       56%         3
 Inner Flame              Hex/Fire       0%         N/A       56%         3
 Ozocubu's Armour         Ice            0%         N/A       56%         3
 Passwall                 Erth           0%         N/A       56%         3
 Stone Arrow              Conj/Erth      0%         3d7       56%         3
 Vampiric Draining        Necr           0%         2d6       56%         3
 Volatile Blastmotes      Fire/Tloc      0%         2d10      56%         3
 Anguish                  Hex/Necr       0%         N/A       92%         4
 Animate Dead             Necr           0%         N/A       92%         4
 Brom's Barrelling Bould  Conj/Erth      0%         2d3       92%         4
 Cause Fear               Hex            0%         N/A       92%         4
 Dispel Undead            Necr           0%         3d6       92%         4
 Flame Wave               Conj/Fire      0%         2d4       92%         4
 Manifold Assault         Tloc           0%         N/A       92%         4
 Sticky Flame             Fire/Alch      0%         2d4       92%         4
 Alistair's Intoxication  Alch           0%         N/A       99%         5
 Borgnjor's Vile Clutch   Necr/Erth      0%         N/A       99%         5
 Curse of Agony           Necr           0%         N/A       99%         5
 Irradiate                Conj/Alch      0%         3d11      99%         5
 Metabolic Englaciation   Hex/Ice        0%         N/A       99%         5
 Death Channel            Necr           0%         N/A       100%        6
 Sculpt Simulacrum        Ice/Alch       0%         N/A       100%        6
 Starburst                Conj/Fire      0%         6d3       100%        6
 Enfeeble                 Hex            0%         N/A       100%        7
 Haunt                    Necr/Summ      8%         N/A       100%        7
 Borgnjor's Revivificati  Necr           0%         N/A       100%        8
 Ignition                 Fire           0%         3d3       100%        8
 Maxwell's Capacitive Co  Air            0%         ∞         100%        8
 Death's Door             Necr           0%         N/A       100%        9


Dungeon Overview and Level Annotations

Branches:
Dungeon (11/15)            Temple (1/1) D:4            Lair (0/5) D:10
    Orc (0/2) D:9           Sewer (visited)           IceCv (1/1)

Altars:
Ashenzari
Cheibriados
Dithmenos
Elyvilon
Fedhas
Gozag
Hepliaklqana
Kikubaaqudgha
Makhleb
Nemelex Xobeh
Okawaru
Qazlal
Ru
Sif Muna
Trog
Uskayaw
Vehumet
Wu Jian
Xom
Yredelemnul
Zin
The Shining One

Shops:
D:1 ?   D:3 !=[=[   D:4 !   D:9 [!=!


Innate Abilities, Weirdness & Mutations

Your life essence is reduced to manifest your ancestor. (-10% HP)
You have a beak for a mouth.
You have claws for feet.
Your magical flight helps you evade attacks. (EV +4)
You can magically evade attacks while moving or waiting.
You are partially covered in iridescent scales. (AC +2)


Message History

Ohudis hits the death yak simulacrum with a +0 quarterstaff!
Your inugami hits the death yak simulacrum but does no damage.
Your inugami hits the death yak simulacrum!
Ohudis points at the death yak simulacrum and mumbles some strange words.
The stone arrow hits the death yak simulacrum!!
The death yak simulacrum vaporises!
C - 4 fizzy yellow potions (gained 1)
You swap places.
You see here a +2 robe of resistance.
e - 2 potions of berserk rage (gained 1)
A bog body, a naga simulacrum and an anaconda simulacrum come into view.
You see here 15 gold pieces.
You swap places.
The anaconda simulacrum bites Ohudis!
The anaconda simulacrum freezes Ohudis!
Ohudis resists.
You see here 15 gold pieces.
You swap places.
A two-headed ogre simulacrum comes into view.
Ohudis hits the bog body with a +0 quarterstaff!!
The anaconda simulacrum bites Ohudis.
The anaconda simulacrum freezes Ohudis!
Ohudis resists.
You see here 23 gold pieces.
You swap places.
The anaconda simulacrum completely misses you. x2
The bog body touches you! The bog body freezes you!!
The anaconda simulacrum grabs you.
The anaconda simulacrum bites you but does no damage.
The anaconda simulacrum constricts you.
You slice the anaconda simulacrum!!
The anaconda simulacrum is almost destroyed.
The bog body casts a spell at you. The bolt of cold hits you!!
* * * LOW HITPOINT WARNING * * *
The bolt of cold hits your martyred shade!!!
Your martyred shade wails in agony as it relives its own death.
The anaconda simulacrum bites you.
* * * LOW HITPOINT WARNING * * *
The anaconda simulacrum freezes you!!
You die...
Hepliaklqana delivers you to your ancestors.

##########
##.)[$$$$.#
######).)$$R...####
#≈#≈#.#[.$W@n.Z...#
##≈≈≈≈.###$h#Z......
##
#≈≈≈≈≈≈≈######..Z...
.#####≈≈≈≈≈## .....#
...##.≈≈≈≈≈≈# ..###
##....#≈≈≈≈## ###
#..####.### ###.#
### ## #..


You could see the friendly Ohudis the battlemage (sheltered), a bog body (ally
target), an anaconda simulacrum (ally target), a naga simulacrum, a two-headed
ogre simulacrum, a friendly flayed ghost (summoned) and a friendly inugami
(summoned, sheltered).

Vanquished Creatures
  Erolcha (D:9)
  2 two-headed ogres
  Pikel (D:7)
  A cyclops (D:11)
  A gargoyle (D:10)
  A freezing wraith (IceCv)
  A troll (D:10)
  2 hornets
  A nameless horror (IceCv)
  A wyvern (D:11)
  A wraith (D:11)
  8 yaks
  A death yak simulacrum (IceCv)
  An acid dragon (D:9)
  A hydra simulacrum (IceCv)
  A water moccasin (D:7)
  An orc warrior (D:9)
  2 black bears
  3 ogres
  3 centaurs
  A crocodile (Sewer)
  4 kobold brigands
  A brain worm (Sewer)
  3 cane toad simulacra (IceCv)
  A gnoll sergeant (D:7)
  3 two-headed ogre simulacra (IceCv)
  4 scorpions
  3 wights (D:6)
  2 howler monkeys
  2 bombardier beetles
  4 hounds
  3 orc priests
  A centaur zombie (D:6)
  A gnoll bouda (D:7)
  3 jellies
  An iguana (D:7)
  Terence (D:3)
  2 orc wizards
  3 troll simulacra (IceCv)
  5 spriggan simulacra (IceCv)
  A polar bear simulacrum (IceCv)
  16 gnolls
  11 adders
  4 naga simulacra (IceCv)
  2 white imps (IceCv)
  4 ufetubi
  5 dart slugs
  2 ribbon worms (D:2)
  13 orcs
  13 ball pythons
  5 bats
  11 endoplasms
  8 giant cockroaches
  4 goblins
  6 hobgoblins
  4 jackals (D:7)
  3 quokkas
  6 frilled lizards
  9 kobolds
  9 rats
218 creatures vanquished.

Vanquished Creatures (collateral kills)
  2 two-headed ogres
  A bog body (IceCv)
  Maurice (D:9)
  Joseph (D:9)
  A rime drake (D:11)
  Jeremiah (D:9)
  A troll (D:9)
  Sigmund (D:5)
  4 yaks
  A wyvern (D:9)
  A death yak simulacrum (IceCv)
  A steam dragon (D:8)
  Duvessa (D:7)
  A black bear (D:4)
  An orc warrior (D:9)
  A swamp drake (D:9)
  3 sky beasts
  An ice beast (D:7)
  An ogre (D:5)
  A lemure (D:7)
  A phantom (D:6)
  2 bullfrogs
  A two-headed ogre simulacrum (IceCv)
  2 gnoll sergeants
  A scorpion (D:5)
  A wight (D:6)
  Dowan (D:7)
  2 elephant simulacra (IceCv)
  2 orc priests (D:9)
  A jelly (D:7)
  A centaur zombie (D:6)
  4 hounds
  A gnoll bouda (D:7)
  An iguana (D:6)
  A sleepcap (D:6)
  3 orc wizards
  A spriggan simulacrum (IceCv)
  7 gnolls
  2 adders (D:6)
  A white imp (IceCv)
  4 ufetubi
  18 orcs
  A bat (Sewer)
  An endoplasm (D:4)
  2 giant cockroaches (D:5)
  A quokka (D:4)
  11 kobolds
  2 rats (D:5)
102 creatures vanquished.

Vanquished Creatures (others)
  A howler monkey (D:8)
  5 battlemagi
6 creatures vanquished.

Grand Total: 326 creatures vanquished

Notes
Turn   | Place    | Note
-------+----------+-------------------------------------------
     0 | D:1      | Aneyh the Tengu Monk began the quest for the Orb.
     0 | D:1      | Reached XP level 1. HP: 14/14 MP: 2/2
   172 | D:1      | Reached XP level 2. HP: 16/19 MP: 3/3
   444 | D:1      | Reached XP level 3. HP: 23/23 MP: 4/4
   627 | D:1      | Found Ketafipp's Magic Scroll Emporium.
   947 | D:2      | Reached XP level 4. HP: 18/28 MP: 5/5
  1294 | D:2      | Found a radiant altar of Vehumet.
  1342 | D:2      | Reached skill level 5 in Dodging
  1527 | D:2      | Reached XP level 5. HP: 30/32 MP: 6/6
  1867 | D:3      | Found a blossoming altar of Fedhas.
  1886 | D:3      | Found Nukaopso's Jewellery Emporium.
  1942 | D:3      | Found a white marble altar of Elyvilon.
  1996 | D:3      | Found a snail-covered altar of Cheibriados.
  2015 | D:3      | Found Jeuluxupn's Antique Armour Emporium.
  2178 | D:3      | Found a sparkling altar of Nemelex Xobeh.
  2209 | D:3      | Found Tonkiuno's Jewellery Shoppe.
  2219 | D:3      | Found Amucop's Antique Armour Shop.
  2230 | D:3      | Found a hide-covered altar of Uskayaw.
  2239 | D:3      | Noticed Terence
  2249 | D:3      | Killed Terence
  2306 | D:3      | Found Vaxeluk's Distillery.
  2314 | D:3      | Bought a potion of mutation for 80 gold pieces
  2314 | D:3      | Gained mutation: You are partially covered in iridescent
                  | scales. (AC +2) [potion of mutation]
  2515 | D:4      | Noticed a kobold brigand
  2522 | D:4      | Killed a kobold brigand
  2523 | D:4      | Reached XP level 6. HP: 27/37 MP: 7/7
  2656 | D:4      | Found a staircase to the Ecumenical Temple.
  2697 | D:4      | Found Pecletoeth's Distillery.
  2716 | Temple   | Entered the Ecumenical Temple
  2721 | Temple   | Became a worshipper of Hepliaklqana the Forgotten
  2721 | Temple   | Reached * piety under Hepliaklqana
  2721 | Temple   | Reached ** piety under Hepliaklqana
  2722 | Temple   | Remembered your ancestor Ohudis as a battlemage
  2952 | D:4      | Identified the +4 dagger of the Onslaught {holy, rElec
                  | Str+3}
  3050 | D:4      | Noticed a black bear
  3056 | D:4      | Killed a black bear
  3057 | D:4      | Gained mutation: Your magical flight helps you evade
                  | attacks. (EV +4) [Tengu growth]
  3057 | D:4      | Reached XP level 7. HP: 28/36 MP: 8/8
  3442 | D:5      | Entered Level 5 of the Dungeon
  3447 | D:5      | Reached skill level 5 in Long Blades
  3474 | D:5      | Found a sacrificial altar of Ru.
  3501 | D:5      | Noticed Sigmund
  3507 | D:5      | Killed Sigmund
  3590 | D:5      | Reached XP level 8. HP: 41/41 MP: 9/9
  3746 | D:5      | Reached *** piety under Hepliaklqana
  3776 | D:5      | Found a glowing drain.
  3782 | Sewer    | Entered a sewer
  4221 | D:6      | Reached skill level 4 in Fighting
  4305 | D:6      | Found a shadowy altar of Dithmenos.
  4399 | D:6      | Reached skill level 5 in Fighting
  4488 | D:6      | Reached XP level 9. HP: 48/48 MP: 10/10
  4507 | D:6      | Reached skill level 6 in Fighting
  4640 | D:6      | Found a bloodstained altar of Trog.
  4807 | D:6      | Found a basalt altar of Yredelemnul.
  4851 | D:6      | Reached **** piety under Hepliaklqana
  5010 | D:7      | Noticed Duvessa
  5010 | D:7      | Noticed Dowan
  5013 | D:7      | Killed Dowan
  5018 | D:7      | Killed Duvessa
  5019 | D:7      | Reached skill level 7 in Fighting
  5405 | D:7      | Noticed Pikel
  5423 | D:7      | Killed Pikel
  5424 | D:7      | Reached skill level 8 in Fighting
  5582 | D:7      | Reached skill level 9 in Fighting
  5638 | D:7      | Learned a level 4 spell: Martyr's Knell
  5655 | D:7      | Reached skill level 1 in Summonings
  5750 | D:7      | Reached XP level 10. HP: 59/59 MP: 11/11
  5958 | D:7      | Reached skill level 10 in Fighting
  6171 | D:8      | Noticed a two-headed ogre
  6569 | D:8      | Killed a two-headed ogre
  6570 | D:8      | Reached skill level 5 in Summonings
  6815 | D:8      | Reached skill level 11 in Fighting
  6855 | D:8      | Found a glowing golden altar of the Shining One.
  7138 | D:8      | Found a broken altar of Ashenzari.
  7301 | D:9      | Found a glowing silver altar of Zin.
  7319 | D:9      | Noticed Jeremiah
  7323 | D:9      | Reached ***** piety under Hepliaklqana
  7359 | D:9      | Killed Jeremiah
  7360 | D:9      | Reached skill level 1 in Armour
  7451 | D:9      | Found Dodautil's Distillery.
  7451 | D:9      | Noticed Joseph
  7456 | D:9      | Killed Joseph
  7486 | D:9      | Found Simod's Jewellery Shoppe.
  7487 | D:9      | Found Tiokhi's Distillery.
  7487 | D:9      | Found Masawoe's Antique Armour Shoppe.
  7528 | D:9      | Found a staircase to the Orcish Mines.
  7529 | D:9      | Noticed Maurice
  7539 | D:9      | Something stole the +4 dagger of the Onslaught {holy, rElec
                  | Str+3}
  7544 | D:9      | Something stole 6 javelins
  7546 | D:9      | Killed Maurice
  7547 | D:9      | Reached XP level 11. HP: 68/68 MP: 5/12
  7654 | D:9      | Identified a scroll of acquirement
  7654 | D:9      | Acquired the +2 great sword of Thoughtfulness {speed, Fly
                  | Int+4}
  7878 | D:9      | Noticed Erolcha
  7931 | D:9      | Killed Erolcha
  7932 | D:9      | Reached skill level 12 in Fighting
  8101 | D:9      | Learned a level 3 spell: Call Canine Familiar
  8371 | D:10     | Entered Level 10 of the Dungeon
  8594 | D:10     | Found a staircase to the Lair.
  8898 | D:10     | Noticed a two-headed ogre
  8903 | D:10     | Killed a two-headed ogre
  8930 | D:10     | Reached skill level 10 in Long Blades
  9268 | D:11     | Noticed a cyclops
  9273 | D:11     | Killed a cyclops
  9302 | D:11     | Noticed a two-headed ogre
  9308 | D:11     | Killed a two-headed ogre
  9309 | D:11     | Reached skill level 13 in Fighting
  9355 | D:11     | Noticed a two-headed ogre
  9358 | D:11     | Killed a two-headed ogre
  9517 | D:11     | Reached XP level 12. HP: 75/75 MP: 13/13
  9601 | D:11     | Found a frozen archway.
  9607 | IceCv    | Entered an ice cave
  9953 | IceCv    | Found the +8 autumn katana {manifold assault}
 10192 | IceCv    | Mangled by an anaconda simulacrum

Illustrated notes

Levels and vault maps discovered:
D:1:      mrwooster_arrival_statue_3, layout_loops_ring, serial_shops, shop,
          minmay_misc_feat_four_crosses
D:2:      layout_loops_ring, basic_altar, minmay_snake_closets
D:3:      layout_loops_ring, lemuel_doored_altar,
          eat_drink_and_be_merry_uskayaw, nemelex_xobeh_ov_fountains_minmay,
          old_standard_altar, mainiacjoe_overflow_tiny_flanked, serial_shops,
          nicolae_shop_gaudy_bauble, nicolae_shop_waterfront, shop,
          nicolae_shop_stone, shop_fountains, uniq_terence
D:4:      layout_loops_corners, minmay_temple_entry_gardened_gates,
          serial_shops, nicolae_shop_just_a_little_nook
D:5:      layout_basic, mainiacjoe_overflow_brackets, portal_sewer_entry_e,
          uniq_sigmund
D:6:      layout_basic, lemuel_zombie_altar_yredelemnul,
          nicolae_overflow_crystal_walls, mainiacjoe_overflow_catwalk, hex_large
D:7:      layout_cave_pools, serial_gnoll_camp, gnoll_camp_mini_loothouse,
          gnoll_camp_mini_hut, gnoll_camp_medium_01, gnoll_camp_medium_02,
          uniq_pikel, uniq_duvessa
D:8:      layout_loops_ring, kennysheep_mini_moat, mainiacjoe_overflow_paths
D:9:      layout_rooms, mainiacjoe_overflow_small_starburst, erik_orc_1,
          minmay_shop_grid_forest, uniq_maurice, uniq_joseph, uniq_erolcha,
          uniq_jeremiah
D:10:     layout_loops_ring, lair_entry_dummy, serial_glass, glass_columns_a,
          glass_columns_a, nicolae_hexahallways
D:11:     layout_roguey, portal_ice_cave_rime, nicolae_fountain_basement
Temple:   hellmonk_temple_micro_hex
IceCv:    ice_cave_caverns_02

Skill      XL: |  1  2  3  4  5  6  7  8  9 10 11 12 |
---------------+-------------------------------------+-----
Long Blades    | 4 7 9 10 11 | 11.8
Dodging        | 4 5 6 7 8 |  8.0
Fighting       | 5 9 11 13 | 13.3
Summonings     | 2 6 8 |  8.0
Armour         | 3 4 |  4.7

Action                     |  1- 3 |  4- 6 |  7- 9 | 10-12 || total
---------------------------+-------+-------+-------+-------++-------
  Melee: Falchion          |    56 |       |    65 |   124 ||   245
         Peck              |    13 |     9 |    28 |    56 ||   106
         Kick              |    21 |    37 |    52 |    78 ||   188
         Dagger            |    21 |    68 |       |       ||    89
         Rapier            |       |    46 |    78 |       ||   124
         Great sword       |       |       |       |   112 ||   112
   Fire: Shortbow          |       |       |     3 |       ||     3
  Throw: Javelin           |       |       |     5 |       ||     5
   Cast: Call Canine Famil |       |       |       |     4 ||     4
         Martyr's Knell    |       |       |       |     2 ||     2
 Invoke: Ancestor Life: Ba |       |     1 |       |       ||     1
         Recall Ancestor   |       |       |     2 |     4 ||     6
    Use: Potion            |       |     1 |     1 |     1 ||     3
         Scroll            |       |       |       |    10 ||    10
   Stab: Sleeping          |     1 |     4 |     1 |     2 ||     8
         Distracted        |     1 |       |     2 |     3 ||     6
 Armour: Robe              |    23 |    15 |       |       ||    38
         Leather armour    |       |    17 |    48 |    31 ||    96
         Skin              |       |       |       |    17 ||    17
         Troll leather arm |       |       |       |    45 ||    45
  Dodge: Dodged            |    40 |    79 |   171 |   245 ||   535

Table legend: (Time is in decaauts)
 A = Elapsed time spent in this place.
 B = Non-inter-level travel time spent in this place.
 C = Inter-level travel time spent in this place.
 D = Time resting spent in this place.
 E = Time spent auto-exploring this place.
 F = Levels seen in this place.
 G = Mean time per level.
                   A        B        C        D        E       F      G
               +--------+--------+--------+--------+--------+-----+--------+
         Total |  10136 |   9808 |    328 |   1531 |   5771 |  14 |  724.0 |
       Dungeon |   9401 |   9073 |    328 |   1358 |   5685 |  11 |  854.6 |
        Temple |     11 |     11 |      0 |      0 |      0 |   1 |   11.0 |
         Sewer |    124 |    124 |      0 |      0 |     80 |   1 |  124.0 |
      Ice Cave |    598 |    598 |      0 |    173 |      6 |   1 |  598.0 |
               +--------+--------+--------+--------+--------+-----+--------+

Top non-repeatable levels by time:
     D:6: 1128 daAuts
     D:9: 1080 daAuts
     D:7: 1042 daAuts
     D:4: 1030 daAuts
     D:2: 921 daAuts
     D:8: 915 daAuts
     D:1: 891 daAuts
    D:10: 887 daAuts
     D:5: 608 daAuts
   IceCv: 598 daAuts
     D:3: 557 daAuts
    D:11: 337 daAuts
   Sewer: 124 daAuts
  Temple: 11 daAuts
